[Event "Team 45 45 League T98"]
[Site "Internet Chess Club"]
[Date "2023.12.06"]
[Round "4"]
[White "kabubi"]
[Black "Balderdash"]
[Result "1-0"]
[WhiteElo "1148"]
[BlackElo "1091"]
[Opening "Two knights defense"]
[ECO "C55"]
[Time "13:00:23"]
[PlyCount "103"]
[TimeControl "2700+45"]

1. e4 e5 2. Nf3 Nc6 3. Bc4 Nf6 4. d4 Nxe4 5. O-O Na5 6. Bb3 exd4 7. Re1 Nxb3 8.
Rxe4+ Be7 9. cxb3 d5 10. Rxd4 c6 11. Qe2 Be6 12. Nc3 Bc5 13. Rd1 O-O 14. Be3
Bxe3 15. Qxe3 Bg4 16. h3 Re8 17. Qf4 Bxf3 18. Qxf3 d4 19. Qf4 c5 20. Ne4 Re6 21.
Nxc5 Rf6 22. Qxd4 Qxd4 23. Rxd4 b6 24. Rad1 h6 25. Rd8+ Rxd8 26. Rxd8+ Kh7 27.
Ne4 Re6 28. f3 a5 29. a4 f5 30. Ng3 f4 31. Nh5 Re1+ 32. Kh2 Re2 33. Nxf4 Rxb2
34. Rd3 Rc2 35. Rd5 Rc3 36. Rb5 Rc6 37. Nd5 h5 38. Nxb6 Kh6 39. Nc4 g6 40. Nxa5
Ra6 41. Nc4 h4 42. a5 Rf6 43. Rb6 Rf5 44. a6 Rd5 45. a7 Rd8 46. Rb8 Rd3 47. a8=Q
Rd1 48. Rh8+ Kg5 49. Qe4 Kf6 50. Rf8+ Kg7 51. Qe7+ Kh6 52. Rh8# {Black
checkmated} 1-0

[Event "Team 45 45 League T98"]
[Site "Internet Chess Club"]
[Date "2023.12.08"]
[Round "4"]
[White "Kingofknights"]
[Black "BlueStorm"]
[Result "1/2-1/2"]
[WhiteElo "1512"]
[BlackElo "1587"]
[Opening "Old Indian: Ukrainian variation"]
[ECO "A53"]
[Time "17:00:15"]
[PlyCount "86"]
[TimeControl "2700+45"]

1. d4 d6 2. c4 Nf6 3. Nc3 e5 4. dxe5 dxe5 5. Qxd8+ Kxd8 6. Bg5 Bb4 7. Bxf6+ gxf6
8. O-O-O+ Bd7 9. Nd5 Be7 10. e3 c6 11. Nxe7 Kxe7 12. Bd3 Na6 13. h3 Be6 14. Nf3
Rad8 15. Be2 c5 16. a3 Rxd1+ 17. Rxd1 Re8 18. Nd2 Rd8 19. Nb3 Rxd1+ 20. Kxd1 b6
21. Kd2 Nc7 22. Kc3 Ne8 23. Nd2 Nd6 24. b4 cxb4+ 25. axb4 Kd7 26. Bf3 f5 27. g4
f6 28. gxf5 Bxf5 29. Bg4 h5 30. Bxf5+ Nxf5 31. Ne4 Ke6 32. Ng3 h4 33. Nxf5 Kxf5
34. f3 Ke6 35. c5 bxc5 36. b5 Kd5 37. e4+ Kd6 38. Kc4 Kd7 39. Kxc5 Kc7 40. Kd5
Kb6 41. Kc4 Kb7 42. Kd5 Kb6 43. Kc4 Kb7 {Game drawn by mutual agreement} 1/2-1/2

[Event "Team 45 45 League T98"]
[Site "Internet Chess Club"]
[Date "2023.12.09"]
[Round "4"]
[White "CMAlge"]
[Black "Constrictor"]
[Result "1-0"]
[WhiteElo "1349"]
[BlackElo "1414"]
[Opening "Queen's pawn"]
[ECO "A40"]
[Time "11:01:57"]
[PlyCount "61"]
[TimeControl "2700+45"]

1. d4 c6 2. Nc3 d5 3. Bf4 Nf6 4. e3 Bg4 5. f3 Bh5 6. g4 Bg6 7. Bd3 Qb6 8. Nge2
e6 9. h4 Nbd7 10. Kf2 c5 11. Na4 Qc6 12. Bxg6 hxg6 13. Nac3 Bd6 14. Bxd6 Qxd6
15. Qd3 a6 16. Nf4 O-O-O 17. a4 e5 18. dxe5 Nxe5 19. Qe2 Qb6 20. g5 Qxb2 21.
gxf6 Qxc3 22. fxg7 Rhg8 23. Rhb1 d4 24. exd4 Qxd4+ 25. Kg3 Qc3 26. Qe4 Nc6 27.
Nd5 Qxg7 28. Ne7+ Kc7 29. Rxb7+ Kxb7 30. Rb1+ Ka7 31. Nxc6+ {Black resigns} 1-0

[Event "Team 45 45 League T98"]
[Site "Internet Chess Club"]
[Date "2023.12.10"]
[Round "4"]
[White "Toalla"]
[Black "Fulmar"]
[Result "1-0"]
[WhiteElo "1110"]
[BlackElo "1225"]
[Opening "Queen's pawn"]
[ECO "A40"]
[Time "19:06:33"]
[PlyCount "121"]
[TimeControl "2700+45"]

1. d4 c6 2. c4 d6 3. b4 Qc7 4. Nc3 e5 5. e4 Nd7 6. Nf3 Ngf6 7. Bd3 Be7 8. O-O
O-O 9. Bg5 a5 10. b5 exd4 11. Nxd4 h6 12. Be3 Ne5 13. Be2 c5 14. b6 Qxb6 15.
Ndb5 Bd7 16. a4 Bxb5 17. cxb5 Rad8 18. f4 Ned7 19. g4 Rde8 20. g5 Nh7 21. Nd5
Qd8 22. Bc4 hxg5 23. Qg4 Ndf6 24. Nxf6+ Bxf6 25. e5 Be7 26. Rad1 Qc8 27. Qxc8
Rxc8 28. exd6 Bf6 29. Rd5 b6 30. d7 Rc7 31. fxg5 Be7 32. h4 Rd8 33. g6 Nf6 34.
gxf7+ Kxf7 35. Rxc5+ Kf8 36. Rxc7 Bc5 37. Bxc5+ bxc5 38. Rc8 Ke7 39. Rxd8 Kxd8
40. Rd1 Ng4 41. Re1 Kxd7 42. Be6+ Kd6 43. Bxg4 Kd5 44. b6 Kc6 45. b7 Kxb7 46.
Re7+ Kb6 47. Rxg7 c4 48. Bd1 c3 49. h5 Kc5 50. Rg4 c2 51. Bxc2 Kd6 52. h6 Ke7
53. h7 Kf7 54. h8=Q Ke7 55. Qh6 Kf7 56. Qg7+ Ke6 57. Qg5 Kd6 58. Qxa5 Kd7 59.
Qa6 Kc7 60. Rg7+ Kb8 61. Qb7# {Black checkmated} 1-0

[Event "Team 45 45 League T98"]
[Site "Internet Chess Club"]
[Date "2023.12.09"]
[Round "4"]
[White "clarinetref"]
[Black "sdcohle"]
[Result "1/2-1/2"]
[WhiteElo "1501"]
[BlackElo "1416"]
[Opening "English opening: Agincourt variation"]
[ECO "A13"]
[Time "18:48:33"]
[PlyCount "53"]
[TimeControl "2700+45"]

1. Nf3 d5 2. c4 e6 3. b3 Nf6 4. Bb2 Be7 5. g3 O-O 6. Bg2 Nbd7 7. cxd5 exd5 8.
O-O b6 9. Na3 a6 10. Rc1 Bb7 11. Nc2 c5 12. d4 Rc8 13. Ne3 Re8 14. Rc2 Ne4 15.
Nd2 Ndf6 16. Nxe4 dxe4 17. Qa1 Qd7 18. Rd1 Qe6 19. Rcd2 Red8 20. d5 Nxd5 21.
Nxd5 Rxd5 22. Rxd5 Bxd5 23. Bxg7 Rd8 24. Qe5 Qxe5 25. Bxe5 Bc6 26. Rxd8+ Bxd8
27. e3 {Game drawn by mutual agreement} 1/2-1/2

[Event "Team 45 45 League T98"]
[Site "Internet Chess Club"]
[Date "2023.12.07"]
[Round "4"]
[White "Denis240964"]
[Black "herrahuu"]
[Result "0-1"]
[WhiteElo "1282"]
[BlackElo "1443"]
[Opening "Caro-Kann: classical variation"]
[ECO "B18"]
[Time "10:00:09"]
[PlyCount "94"]
[TimeControl "2700+45"]

1. e4 c6 2. d4 d5 3. Nd2 dxe4 4. Nxe4 Bf5 5. Ng3 Bg6 6. Nf3 Nd7 7. c4 e6 8. Be2
Ngf6 9. O-O Bd6 10. c5 Bc7 11. Bd3 Nd5 12. Re1 N7f6 13. Bxg6 hxg6 14. Ne5 Qe7
15. Bg5 O-O-O 16. f4 Rh7 17. h3 Rdh8 18. Qf3 Qf8 19. Rab1 Nh5 20. Ne2 Qe8 21.
Bh4 f6 22. Nd3 Nhxf4 23. Nexf4 Nxf4 24. Bg3 Nxh3+ 25. Kf1 Bxg3 26. Qxg3 Ng5 27.
Nf4 Rh1+ 28. Ke2 Rxe1+ 29. Rxe1 Qd7 30. Qe3 e5 31. dxe5 fxe5 32. Nxg6 Qg4+ 33.
Kf2 Qf5+ 34. Kg3 Qxg6 35. Kf2 Qf5+ 36. Ke2 Qc2+ 37. Qd2 Qxd2+ 38. Kxd2 Rh2 39.
Re2 e4 40. Kc3 Kd7 41. Rd2+ Ke7 42. Re2 Ke6 43. Kd2 Kd5 44. b4 Kd4 45. a3 Ne6
46. a4 Nf4 47. Re1 Rxg2+ {White resigns} 0-1

[Event "Team 45 45 League T98"]
[Site "Internet Chess Club"]
[Date "2023.12.09"]
[Round "4"]
[White "g8wrb"]
[Black "Visin"]
[Result "1-0"]
[WhiteElo "1257"]
[BlackElo "1232"]
[Opening "QGD Slav: 3.Nf3"]
[ECO "D11"]
[Time "13:00:10"]
[PlyCount "44"]
[TimeControl "2700+45"]

1. d4 d5 2. c4 c6 3. Nf3 Bf5 4. Nc3 Nf6 5. Bg5 e6 6. Nh4 Bg6 7. e3 Nbd7 8. Qb3
Qb6 9. Nxg6 hxg6 10. Bd3 Be7 11. O-O Qc7 12. h3 Ng4 13. Bf4 e5 14. Bg3 Ngf6 15.
cxd5 Nxd5 16. Nxd5 cxd5 17. Qxd5 Bd6 18. Rac1 Qb8 19. Bb5 f6 20. Bxd7+ Kxd7 21.
dxe5 fxe5 22. Bxe5 Qg8 {Black resigns} 1-0

[Event "Team 45 45 League T98"]
[Site "Internet Chess Club"]
[Date "2023.12.09"]
[Round "4"]
[White "tamky70"]
[Black "thundercat1"]
[Result "0-1"]
[WhiteElo "1324"]
[BlackElo "989"]
[Opening "Ruy Lopez: Berlin defense"]
[ECO "C65"]
[Time "19:30:14"]
[PlyCount "92"]
[TimeControl "2700+45"]

1. e4 e5 2. Nf3 Nc6 3. Bb5 Nf6 4. d3 h6 5. Nc3 Bb4 6. Bd2 Bc5 7. h3 Nd4 8. Ba4
c6 9. a3 b5 10. Bb3 Qe7 11. O-O d6 12. Na2 a5 13. c3 Nxf3+ 14. Qxf3 Be6 15. Bc2
Bxa2 16. Rxa2 Qe6 17. Raa1 a4 18. Rfe1 O-O-O 19. Qd1 h5 20. b4 Bb6 21. Be3 Kb7
22. Bxb6 Kxb6 23. Qe2 Nd7 24. Qd1 Ra8 25. Qf3 f6 26. Qe2 g5 27. c4 g4 28. h4 g3
29. Qe3+ c5 30. cxb5 gxf2+ 31. Kxf2 Qg4 32. g3 Rhg8 33. Rg1 Rg7 34. Bd1 Qg6 35.
g4 Rag8 36. Be2 f5 37. g5 f4 38. Qf3 Nf8 39. Rac1 Ne6 40. Qxh5 Nd4 41. Qxg6 Rxg6
42. Bf3 Nb3 43. Rcd1 cxb4 44. axb4 Nd4 45. Rc1 Nxb5 46. Rc6+ Kxc6 {White
resigns} 0-1